 Dungeon Sprint DCSS version 0.31.0-32-g396128a36d (webtiles) character file.

Game seed: 6269357895623875340

191 Heoruswealwe the Spear-Bearer (level 5, -1/53 HPs)
             Began as a Minotaur Fighter on Mar 30, 2024.
             Was an Initiate of Gozag.
             Succumbed to a killer bee's poison
             ... in the Dungeon (Sprint IX: "|||||||||||||||||||||||||||||").
             The game lasted 00:01:27 (111 turns).

Heoruswealwe the Spear-Bearer (Minotaur Fighter)     Turns: 111, Time: 00:01:28

Health: -1/53      AC:  8    Str: 22    XL:     5   Next: 42%
Magic:  4/4        EV: 10    Int:  5    God:    Gozag
Gold:   0          SH:  4    Dex: 10    Spells: 4/4 levels left

rFire   . . .        a - +0 trident
rCold   . . .        b - +0 buckler
rNeg    . . .        d - +0 scale mail
rPois   .            (helmet restricted)
rElec   .            (no cloak)
rCorr   .            (no gloves)
SInv    .            (no boots)
Will    .....        (no amulet) Stlth
                     (no ring)
HPRegen 0.28/turn    (no ring)
MPRegen 0.09/turn

%: no teleportation
@: lethally poisoned (-1 -> -7), gold aura
A: horns 2, retaliatory headbutt
a: Renounce Religion, Potion Petition, Call Merchant, Bribe Branch


You were in the Dungeon.
You worshipped Gozag.
Gozag was noncommittal.
You visited 1 branch

Inventory:

Hand Weapons
 a - a +0 trident (weapon)
 k - a +2 halberd of protection
Armour
 b - a +0 buckler (worn)
 d - a +0 scale mail (worn)
Jewellery
 l - a +2 ring of evasion
 m - a +3 ring of dexterity
Wands
 h - a wand of roots (10)
Scrolls
 j - 2 scrolls of blinking
Potions
 c - a potion of might
 e - 5 potions of curing
 f - 3 potions of heal wounds
 g - a potion of haste
 i - a potion of berserk rage


   Skills:
 + Level 7.8 Fighting
 * Level 9.4 Polearms
 + Level 7.8 Armour
 + Level 1.2 Dodging
 + Level 0.3 Stealth
 - Level 3.6 Shields


You had 4 spell levels left.
You didn't know any spells.
Your spell library was empty.

Dungeon Overview and Level Annotations

Branches:
Dungeon (1/1)

Altars:
Cheibriados
Dithmenos
Elyvilon
Fedhas
Gozag
Hepliaklqana
Kikubaaqudgha
Makhleb
Nemelex Xobeh
Okawaru
Qazlal
Ru
Sif Muna
Trog
Uskayaw
Vehumet
Wu Jian
Xom
Yredelemnul
Zin
The Shining One
Jiyva
Lugonu


Innate Abilities, Weirdness & Mutations

You have a pair of horns on your head.
You reflexively headbutt those who attack you in melee.


Message History

The yak gores you.
* * * LOW HITPOINT WARNING * * *
You puncture the yak! Your headbutt misses the yak.
The yak is almost dead.
You block the yak's attack.
You barely miss the yak. You headbutt the yak.
You kill the yak!
The killer bee stings you but does no damage.
Your Fighting skill gained 2 levels and is now at level 7!
Your Polearms skill gained 3 levels and is now at level 9!
Your Armour skill gained 2 levels and is now at level 7!
Your Dodging skill increases to level 1!
You have reached level 4!
You feel agile.
You have reached level 5!
You closely miss the killer bee. You block the killer bee's attack.
The killer bee stings you!
* * * LOW HITPOINT WARNING * * *
You miss the killer bee. You block the killer bee's attack.
The killer bee stings you.
* * * LOW HITPOINT WARNING * * *
You are lethally poisoned!
The killer bee poisons you!
You miss the killer bee.
* * * LOW HITPOINT WARNING * * *
You feel very sick.
The killer bee stings you but does no damage.
You block the killer bee's attack.
You completely miss the killer bee. You headbutt the killer bee!
The killer bee is heavily wounded.
* * * LOW HITPOINT WARNING * * *
You feel sick. The killer bee barely misses you.
The yak is distracted by your dazzling golden aura.
The killer bee stings you but does no damage.
You miss the killer bee.
The yak bellows!
Your headbutt misses the killer bee.
The killer bee is heavily wounded.
You die...
Your body crumbles into a pile of gold.

▓!▓
▓?▓
▓)▓
▓.▓
▓[▓
▓[▓
▓[▓
▓.▓
▓@▓
▓y▓
▓T▓
▓o▓
▓o▓
▓Y▓
▓.▓
▓.▓


You could see a yak, a troll, 2 orc warriors and a killer bee.

Vanquished Creatures
  A yak (D)
  An orc wizard (D)
  A gnoll (D)
  An adder (D)
  An ufetubus (D)
  A bat (D)
  A goblin (D)
  2 quokkas (D)
  A ball python (D)
  A rat (D)
11 creatures vanquished.

Notes
Turn   | Place    | Note
-------+----------+-------------------------------------------
     0 | D        | Heoruswealwe the Minotaur Fighter began the quest for the
                  | Orb.
     0 | D        | Reached XP level 1. HP: 19/19 MP: 0/0
    11 | D        | Reached skill level 3 in Polearms
    25 | D        | Noticed an orc wizard
    32 | D        | Killed an orc wizard
    33 | D        | Reached skill level 5 in Fighting
    33 | D        | Reached skill level 5 in Polearms
    33 | D        | Reached skill level 5 in Armour
    33 | D        | Reached XP level 2. HP: 25/29 MP: 1/1
    33 | D        | Reached XP level 3. HP: 31/36 MP: 2/2
    36 | D        | Reached skill level 6 in Polearms
    52 | D        | Found a snail-covered altar of Cheibriados.
    52 | D        | Found a shadowy altar of Dithmenos.
    52 | D        | Found a white marble altar of Elyvilon.
    52 | D        | Found a blossoming altar of Fedhas.
    52 | D        | Found an opulent altar of Gozag.
    53 | D        | Found a hazy altar of Hepliaklqana.
    54 | D        | Found a viscous altar of Jiyva.
    55 | D        | Found an ancient bone altar of Kikubaaqudgha.
    56 | D        | Found a corrupted altar of Lugonu.
    57 | D        | Found a burning altar of Makhleb.
    58 | D        | Found a sparkling altar of Nemelex Xobeh.
    59 | D        | Found an iron altar of Okawaru.
    60 | D        | Became a worshipper of Gozag Ym Sagoz the Greedy
    61 | D        | Found a stormy altar of Qazlal.
    62 | D        | Found a sacrificial altar of Ru.
    63 | D        | Found a shimmering blue altar of Sif Muna.
    64 | D        | Found a bloodstained altar of Trog.
    65 | D        | Found a hide-covered altar of Uskayaw.
    66 | D        | Found a radiant altar of Vehumet.
    67 | D        | Found an ornate altar of the Wu Jian Council.
    68 | D        | Found a shimmering altar of Xom.
    69 | D        | Found a basalt altar of Yredelemnul.
    70 | D        | Found a glowing silver altar of Zin.
    71 | D        | Found a glowing golden altar of the Shining One.
    97 | D        | Noticed a yak
    97 | D        | Noticed a killer bee
    97 | D        | Noticed a troll
    97 | D        | Noticed an orc warrior
    97 | D        | Noticed an orc warrior
    97 | D        | Noticed a yak
   106 | D        | Killed a yak
   107 | D        | Reached skill level 9 in Polearms
   107 | D        | Reached skill level 1 in Dodging
   107 | D        | Reached XP level 4. HP: 15/48 MP: 3/3
   107 | D        | Reached XP level 5. HP: 17/53 MP: 4/4
   109 | D        | HP: 1/53 [poisoned by a killer bee]
   111 | D        | Succumbed to a killer bee's poison

Illustrated notes

Levels and vault maps discovered:
D:        linesprint [early_d, line_temple, items_1, d_10, items_2, lair_1,
          lair_end, items_3, orc_1, orc_end, items_4, d_15, swamp_1, shoals_1,
          snake_1, spider_1, d_20, vaults_1, items_5, swamp_end, shoals_end,
          snake_end, spider_end, vaults_end, d_27, items_6, zot_1, zot_end,
          crypt_end, forest_end, elf_end, slime_end, tomb_end, abyss_end,
          pan_hell_end]

Skill      XL: |  1  2  3 |
---------------+----------+-----
Polearms       | 5 9 |  9.4
Fighting       | 5 7 |  7.8
Armour         | 5 7 |  7.8
Dodging        | 1 |  1.2
Stealth        | |  0.3
Shields        | |  3.6

Action                     |  1- 3 |  4- 6 || total
---------------------------+-------+-------++-------
  Melee: Trident           |    44 |     5 ||    49
         Headbutt          |     5 |     1 ||     6
 Armour: Scale mail        |    26 |     4 ||    30
  Dodge: Dodged            |    21 |     1 ||    22
  Block: Buckler           |     8 |     3 ||    11
